 Dungeon Crawl Stone Soup version 0.19-a0-529-g411dd88 (webtiles) character file.

23 IamBaum the Grasshopper (level 3, 0/21 HPs)
             Began as a Tengu Warper on June 7, 2016.
             Slain by a jelly (1 damage)
             ... on level 1 of the Dungeon.
             The game lasted 00:15:16 (1161 turns).

IamBaum the Grasshopper (Tengu Warper)              Turns: 1161, Time: 00:15:18

Health: 0/21       AC:  2    Str: 12    XL:     3   Next: 0%
Magic:  5/7        EV:  9    Int: 13    God:
Gold:   85         SH:  0    Dex: 10    Spells: 2 memorised, 3 levels left

rFire  . . .     SeeInvis .     a - +0 falchion
rCold  . . .     Gourm    .     y - +0 scale mail
rNeg   . . .     Faith    .     (no shield)
rPois  .         Spirit   .     (helmet restricted)
rElec  .         Dismiss  .     (no cloak)
rCorr  .         Reflect  .     (no gloves)
SustAt .         Harm     .     (boots unavailable)
MR     .....                    (no amulet)
Stlth  ..........               (no ring)
                                h - -3 ring of dexterity (curse) {me}

@: corroded, very slightly contaminated, not resistant to hostile enchantments,
extremely unstealthy
A: beak, talons 3
a: no special abilities


You were on level 1 of the Dungeon.
You were hungry.

You visited 1 branch of the dungeon, and saw 1 of its levels.

You collected 85 gold pieces.

Inventory:

Hand Weapons
 a - a +0 falchion (weapon)
 o - a +0 club
 p - a +0 dagger
 q - a +0 club
 u - a +0 dagger
 w - a +0 dagger
Missiles
 e - 5 tomahawks of dispersal (quivered)
 j - 15 sling bullets
 l - 64 stones
 n - 11 arrows
 r - 5 javelins
 s - 19 bolts
 t - 16 poisoned needles
Armour
 b - a +1 leather armour
 i - a +0 leather armour
 y - a +0 scale mail (worn)
Jewellery
 h - a cursed -3 ring of dexterity (left hand) {me}
Scrolls
 d - a scroll of blinking
 k - a scroll of noise {unknown}
 x - a scroll of fear {unknown}
 z - a scroll of random uselessness {unknown}
Potions
 g - a potion of might {unknown}
 m - 2 potions of curing {unknown}
 v - 2 potions of flight {unknown}
Books
 c - a book of Spatial Translocations

   Spells                             Type                      Level
   a - Apportation                    Translocation                1
   b - Blink                          Translocation                2
   c - Shroud of Golubria             Charms/Translocation         2
   d - Portal Projectile              Translocation                3
   e - Teleport Other                 Translocation                3
   f - Passage of Golubria            Translocation                4
Comestibles
 f - 2 bread rations
 A - a meat ration


   Skills:
 * Level 2.2 Fighting
 + Level 2.5 Long Blades
 - Level 1.0 Throwing
 + Level 1.3 Armour
 + Level 2.2 Dodging
 + Level 2.1 Spellcasting
 * Level 2.8 Translocations


You had 3 spell levels left.
You knew the following spells:

 Your Spells              Type           Power        Failure   Level  Hunger
a - Apportation           Tloc           #.........   50%         1    ##.....
b - Shroud of Golubria    Chrm/Tloc      #.........   96%         2    ###....


Dungeon Overview and Level Annotations

Branches:
Dungeon (1/15)

Altars:


Innate Abilities, Weirdness & Mutations

You have a beak for a mouth.
You have claws for feet.


Message History

The jelly is lightly wounded.
The jelly hits you.
You are splashed with acid!
The acid corrodes you!
The acid burns!
* * * LOW HITPOINT WARNING * * *
Casting: Shroud of Golubria
Confirm with . or Enter, or press ? or * to list all spells.
Aiming: Apportation
Press: ? - help, Dir - move target cursor
There are no items there.
Casting: Apportation
Confirm with . or Enter, or press ? or * to list all spells.
You don't know that spell.
Unknown command.
Casting: Apportation
Confirm with . or Enter, or press ? or * to list all spells.
You miscast Shroud of Golubria.
You are very lightly contaminated with residual magic.
The air around you crackles with energy!
The jelly hits you.
You die...

#>...................+....'.....
#.######.........#####....####..
#.###....................#######
##...............................
.....#...###'#######+###.########
.....#.#.#..⌠...>...⌠..#.# #.
.....#.#.#......<......#.# #.
.....#.#.+⌠....###....⌠'.#######'
.....#.#.#......@......#.........
.....#.#.#######J#######.........
.....'...#J..JhJJhsJ #.........
.....##..#....JhJrh... #.........
.....##..#......JJr....#.........
####.##..###############.........
#.###.........................
####..........###########........
.....########.# ########........


You could see a jelly, 8 oozes, 4 jackals, a giant cockroach and 2 rats.

Vanquished Creatures
  A dart slug (D:1)
  A giant gecko (D:1)
  A bat (D:1)
  2 giant cockroaches (D:1)
  2 hobgoblins (D:1)
  2 giant newts (D:1)
  4 goblins (D:1)
  3 kobolds (D:1)
  3 rats (D:1)
19 creatures vanquished.

Notes
Turn   | Place    | Note
--------------------------------------------------------------
     0 | D:1      | IamBaum the Tengu Warper began the quest for the Orb.
     0 | D:1      | Reached XP level 1. HP: 12/12 MP: 4/4
     1 | D:1      | Found a runed door.
     1 | D:1      | Noticed a jelly
   317 | D:1      | Reached XP level 2. HP: 13/17 MP: 6/6
   323 | D:1      | Learned a level 2 spell: Shroud of Golubria
  1159 | D:1      | Reached XP level 3. HP: 16/21 MP: 7/7
  1160 | D:1      | HP: 1/21 [acid (9)]
  1161 | D:1      | Slain by a jelly

Vault maps used:
D:1:      dpeg_arrival_caged_fury

Action                   || total
-------------------------++-------
Melee: Falchion          ||    52
       Kick              ||    13
       Peck              ||     6
  Use: Scroll            ||     1
Armor: Leather armour    ||    12
       Scale mail        ||     5
Dodge: Dodged            ||    27
